Map: 에코 - 래더 (공허)

Players

Forte

  • Race: Terran Terran
  • League: Master

Patience - Winner!

  • Race: Protoss Protoss

VOD

Have the link to the VOD?

Description

Time

  • Played on: Nov. 26, 2016, 4:48 a.m.
  • Length: 8:10
Show
View Real Time Build Order
Export as new Build Order

Forte Terran 

Build Orders: Reaper Expand, Mech 

Get SALT Encoding   

  12  0:00  SCV  
  13  0:12  SCV  
  14  0:18  Supply Depot  
  14  0:24  SCV  
  15  0:39  SCV  
  15  0:41  Barracks  
  16  0:44  Refinery  
  16  0:52  SCV  
  17  1:04  SCV  
  18  1:16  SCV  
  19  1:28  Orbital Command, Reaper  
  20  1:41  Command Center  
  20  1:46  Refinery  
  20  1:53  SCV  
  21  1:56  Supply Depot  
  21  2:00  Marine  
  22  2:05  SCV  
  23  2:14  Factory  
  23  2:18  Barracks Reactor, SCV  
  24  2:30  SCV  
  25  2:42  SCV  
  26  2:52  Orbital Command  
  26  2:54  SCV  
  27  3:03  Cyclone x2  
  33  3:06  SCV  
  34  3:19  SCV x2  
  36  3:24  Supply Depot  
  36  3:32  SCV x2  
  37  3:35  Cyclone x2  
  42  3:44  SCV x2  
  44  3:49  Command Center  
  44  3:56  SCV  
  44  3:57  SCV  
  44  3:58  Factory  
  44  3:59  Supply Depot  
  46  4:08  SCV, Barracks Tech Lab  
  46  4:09  SCV  
  48  4:21  Refinery x2, SCV x2  
  50  4:27  Supply Depot  
  50  4:31  Cyclone  
  51  4:33  SCV x2  
  51  4:35  Cyclone  
  57  4:45  SCV x2  
  55  4:57  Engineering Bay  
  51  5:00  SCV x2  
  51  5:13  SCV x2  
  52  5:18  Cyclone x2  
  52  5:20  Orbital Command  
  50  5:23  Missile Turret  
  50  5:28  SCV  
  51  5:39  SCV  
  51  5:40  SCV  
  53  5:43  Missile Turret  
  53  5:48  SCV  
  54  5:53  Siege Tank  
  56  5:58  Refinery  
  56  6:00  Refinery  
  56  6:02  SCV x2  
  56  6:03  SCV  
  59  6:14  SCV x2  
  59  6:15  SCV  
  59  6:17  Hellion x2  
  66  6:26  SCV x2  
  66  6:27  SCV  
  65  6:38  SCV x2  
  68  6:40  SCV  
  68  6:43  Orbital Command  
  68  6:46  Siege Tank, Hellion x2  
  75  6:48  Factory  
  75  6:49  Supply Depot  
  75  6:50  Unknown, Supply Depot  
  75  6:52  SCV  
  75  6:53  SCV  
  77  7:00  Missile Turret  
  77  7:03  Starport  
  77  7:04  SCV  
  77  7:05  SCV  
  77  7:08  Hellion x2  
  83  7:10  SCV  
  83  7:17  SCV  
  84  7:23  SCV x2  
  84  7:25  Siege Tank  
  84  7:29  SCV  
  86  7:31  Refinery  
  86  7:33  Factory Tech Lab  
  86  7:34  Hellion x2  
  90  7:39  SCV x2  
  90  7:41  SCV  
Show
View Real Time Build Order
Export as new Build Order

Patience Protoss - Winner!

Build Orders: 1 Gate Expand, Zealot Archon, Dark Templar Rush 

Get SALT Encoding   

  12  0:01  Probe (Chrono Boost)  
  13  0:11  Probe (Chrono Boost)  
  14  0:19  Pylon  
  14  0:22  Probe (Chrono Boost)  
  15  0:37  Probe (Chrono Boost), Gateway  
  16  0:44  Assimilator  
  16  0:47  Probe (Chrono Boost)  
  17  0:58  Probe (Chrono Boost)  
  18  1:09  Probe (Chrono Boost)  
  19  1:19  Probe (Chrono Boost)  
  20  1:26  Nexus  
  20  1:32  Cybernetics Core  
  20  1:35  Probe (Chrono Boost)  
  21  1:41  Assimilator  
  21  1:46  Probe (Chrono Boost)  
  22  1:49  Pylon  
  22  1:56  Probe (Chrono Boost)  
  23  2:01  Pylon  
  23  2:09  Mothership Core (Chrono Boost)  
  23  2:12  Adept  
  27  2:21  Warp Gate  
  27  2:28  Probe (Chrono Boost)  
  28  2:38  Probe (Chrono Boost)  
  28  2:40  Probe (Chrono Boost)  
  28  2:41  Twilight Council  
  30  2:44  Adept  
  30  2:49  Probe (Chrono Boost)  
  30  2:51  Probe (Chrono Boost)  
  34  2:59  Probe (Chrono Boost)  
  34  3:01  Probe (Chrono Boost)  
  36  3:10  Probe (Chrono Boost)  
  36  3:11  Adept  
  36  3:12  Probe (Chrono Boost)  
  40  3:17  Dark Shrine  
  40  3:20  Probe (Chrono Boost)  
  40  3:22  Probe (Chrono Boost)  
  42  3:31  Probe (Chrono Boost)  
  42  3:33  Probe (Chrono Boost)  
  44  3:41  Probe (Chrono Boost)  
  44  3:42  Pylon  
  44  3:44  Probe (Chrono Boost), Gateway  
  44  3:45  Gateway  
  46  3:51  Robotics Facility  
  46  3:53  Probe (Chrono Boost)  
  46  3:54  Probe (Chrono Boost)  
  48  3:58  Assimilator  
  48  4:00  Assimilator  
  48  4:04  Probe (Chrono Boost)  
  48  4:05  Probe (Chrono Boost), Pylon  
  49  4:14  Probe (Chrono Boost)  
  49  4:15  Probe (Chrono Boost)  
  51  4:22  Shadow Stride  
  51  4:25  Probe (Chrono Boost)  
  51  4:26  Probe (Chrono Boost)  
  53  4:36  Dark Templar, Observer  
  53  4:37  Probe (Chrono Boost)  
  57  4:39  Probe (Chrono Boost)  
  57  4:45  Pylon  
  58  4:49  Probe (Chrono Boost)  
  56  4:57  Stalker x2  
  59  5:00  Pylon, Probe (Chrono Boost)  
  59  5:01  Probe (Chrono Boost)  
  59  5:09  Zealot  
  59  5:15  Probe x2 (Chrono Boost)  
  59  5:18  Immortal  
  57  5:26  Dark Templar  
  57  5:27  Dark Templar, Probe x2 (Chrono Boost)  
  67  5:31  Stalker  
  67  5:36  Gateway x2  
  67  5:39  Gateway  
  67  5:49  Nexus  
  67  5:52  Blink  
  67  5:54  Probe x2 (Chrono Boost)  
  67  5:56  Pylon  
  69  6:00  Observer  
  70  6:06  Probe x2 (Chrono Boost)  
  72  6:19  Probe x2 (Chrono Boost)  
  72  6:23  Warp Prism  
  70  6:36  Probe x2 (Chrono Boost)  
  72  6:40  Stalker x6  
  82  6:54  Pylon  
  82  6:56  Forge  
  82  6:58  Probe (Chrono Boost)  
  82  6:59  Probe (Chrono Boost)  
  84  7:03  Pylon  
  85  7:15  Dark Templar x5  
  90  7:16  Dark Templar  
  93  7:26  Immortal  
  93  7:27  Probe (Chrono Boost)  
  93  7:28  Probe (Chrono Boost)  
  99  7:49  Archon  
  93  7:51  Stalker x2  
  93  7:52  Stalker x4  
  93  7:57  Probe x2 (Chrono Boost)  
  93  7:58  Probe (Chrono Boost)  
  106  8:02  Assimilator  
  106  8:03  Assimilator  
Tags
 
Add a new tag
Caveats
  • Supply blocks, unpowered buildings, or Contaminate may cause inaccurate times.
  • Supply counts are checked every 10 seconds.